Map: [ESL] Gresvan

Players

NightMare

  • Race: Protoss Protoss

Nice - Winner!

  • Race: Protoss Protoss

Event: IEM Katowice 2023

VOD

Have the link to the VOD?

Description

Time

  • Played on: Feb. 8, 2023, 10:21 a.m.
  • Length: 24:48

All games in this series

Show
View Real Time Build Order
Export as new Build Order

NightMare Protoss 

Build Orders:  

Get SALT Encoding   

  12  0:00  Probe  
  13  0:12  Probe  
  14  0:17  Pylon  
  14  0:24  Probe (Chrono Boost)  
  15  0:36  Gateway, Probe (Chrono Boost)  
  16  0:44  Probe (Chrono Boost)  
  16  0:46  Assimilator  
  17  0:51  Probe  
  17  0:55  Assimilator  
  18  1:03  Probe (Chrono Boost)  
  19  1:08  Gateway  
  19  1:19  Forge  
  19  1:21  Probe  
  19  1:24  Cybernetics Core  
  20  1:34  Pylon, Probe  
  21  1:46  Probe  
  22  1:58  Probe, Warp Gate (Chrono Boost)  
  22  2:00  Adept x2  
  27  2:10  Probe  
  27  2:14  Pylon  
  28  2:30  Adept  
  28  2:32  Adept  
  32  2:49  Nexus  
  32  3:05  Stalker x2  
  34  3:15  Robotics Facility  
  32  3:22  Shield Battery  
  32  3:45  Stalker  
  32  3:46  Stalker  
  37  3:48  Probe  
  35  3:59  Warp Prism (Chrono Boost)  
  35  4:00  Probe  
  34  4:10  Probe  
  34  4:12  Probe  
  36  4:21  Stalker  
  38  4:28  Stalker  
  40  4:31  Probe (Chrono Boost)  
  40  4:33  Probe (Chrono Boost)  
  40  4:37  Observer  
  42  4:42  Probe (Chrono Boost)  
  42  4:43  Probe (Chrono Boost)  
  44  4:47  Probe (Chrono Boost)  
  44  4:48  Probe (Chrono Boost)  
  46  4:56  Stalker  
  46  4:58  Stalker  
  48  5:03  Probe x2  
  46  5:15  Probe x2  
  46  5:17  Twilight Council  
  48  5:24  Pylon  
  48  5:27  Probe x2  
  50  5:37  Stalker x2  
  50  5:42  Probe x2  
  56  5:45  Observer  
  54  5:52  Blink (Chrono Boost)  
  54  5:54  Probe x2  
  52  6:03  Stalker x2  
  51  6:07  Probe x2 (Chrono Boost)  
  55  6:18  Probe (Chrono Boost)  
  55  6:19  Probe (Chrono Boost)  
  55  6:23  Dark Shrine  
  55  6:25  Assimilator  
  55  6:26  Probe x2 (Chrono Boost)  
  57  6:38  Probe x2  
  58  6:45  Stalker x2  
  62  6:50  Pylon  
  62  6:57  Pylon  
  62  7:05  Pylon  
  62  7:08  Probe x2  
  64  7:18  Gateway  
  65  7:22  Probe  
  65  7:23  Probe  
  65  7:25  Robotics Facility  
  65  7:27  Observer  
  67  7:36  Nexus  
  67  7:37  Dark Templar x2  
  67  7:39  Pylon  
  67  7:40  Probe  
  67  7:42  Probe  
  73  7:47  Stalker x2  
  73  7:49  Gateway  
  73  7:51  Gateway  
  73  7:55  Probe x2  
  75  7:59  Shield Battery  
  75  8:07  Probe x2, Observer  
  75  8:12  Charge (Chrono Boost)  
  77  8:18  Gateway  
  77  8:19  Gateway x2  
  77  8:27  Gateway  
  77  8:39  Zealot x2  
  81  8:43  Pylon  
  81  8:45  Stalker x2  
  81  8:47  Probe  
  81  8:48  Probe x2  
  87  8:53  Shield Battery  
  88  9:00  Forge  
  89  9:02  Probe  
  89  9:03  Probe x2  
  89  9:07  Observer  
  89  9:08  Pylon  
  92  9:10  Templar Archives  
  92  9:21  Probe x2  
  92  9:22  Stalker x2  
  98  9:28  Protoss Ground Weapons Level 1 (Chrono Boost)  
  98  9:34  Zealot x5  
  108  9:48  Pylon  
  108  9:55  Nexus  
  108  9:58  Pylon  
  108  9:59  Pylon  
  108  10:05  Probe  
  108  10:06  Assimilator, Probe x2  
  111  10:10  High Templar x3, Assimilator  
  117  10:16  Shield Battery  
  117  10:17  High Templar  
  117  10:18  Shield Battery, Zealot x2  
  117  10:19  Archon  
  117  10:20  Shield Battery  
  123  10:22  Zealot x2  
  123  10:23  Archon  
  123  10:24  Observer  
  126  10:30  Pylon  
  126  10:32  Photon Cannon, Warp Prism (Chrono Boost)  
  128  10:40  Robotics Bay  
  128  10:42  Probe x2  
  130  10:44  Probe  
  130  10:48  Zealot x2  
  135  10:52  Robotics Facility  
  135  10:55  Pylon  
  135  10:58  Probe x3  
  138  11:07  High Templar x2, Zealot x2  
  142  11:11  Archon  
  142  11:12  Pylon  
  142  11:15  High Templar x2  
  142  11:16  Zealot x2  
  150  11:21  Archon  
  146  11:35  Disruptor x2 (Chrono Boost)  
  150  11:43  Zealot x5  
  150  11:44  Zealot  
  160  11:52  Zealot x2  
  160  11:53  Protoss Ground Weapons Level 2 (Chrono Boost), Probe x4  
  160  11:57  Pylon  
  160  11:58  Pylon  
  142  12:08  Stalker x2  
  142  12:09  Stalker x3  
  142  12:10  Zealot  
  152  12:17  Disruptor  
  152  12:21  Probe x3  
  152  12:22  Probe  
  157  12:23  Assimilator  
  157  12:24  Zealot  
  157  12:25  Zealot  
  154  12:34  Zealot x2  
  154  12:35  Zealot x2  
  122  12:45  Zealot x3  
  122  12:46  Zealot  
  107  12:57  Zealot x4  
  75  13:07  Stalker x3  
  75  13:08  Stalker  
  83  13:18  Stalker x4  
  91  13:21  Disruptor (Chrono Boost)  
  94  13:33  Stalker x3  
  94  13:34  Stalker  
  88  13:44  Stalker x4  
  93  13:54  Disruptor x2 (Chrono Boost)  
  93  14:01  Nexus  
  99  14:05  Photon Cannon  
  99  14:08  Zealot  
  101  14:14  Stalker  
  101  14:15  Stalker  
  105  14:23  Stalker x2  
  105  14:24  Stalker x2  
  113  14:25  Stalker  
  113  14:34  Nexus  
  113  14:45  Stalker  
  113  14:46  Stalker x2  
  113  14:48  Disruptor (Chrono Boost)  
  113  14:49  Observer (Chrono Boost)  
  123  14:58  Probe x3  
  120  15:10  Probe x3  
  115  15:20  Stalker x3  
  117  15:22  Stalker  
  117  15:29  Zealot x2  
  118  15:51  Disruptor x2 (Chrono Boost)  
  118  15:52  Probe x3  
  127  16:07  Stalker x5  
  137  16:18  Pylon, Observer  
  135  16:27  Observer x2 (Chrono Boost)  
  135  16:31  Photon Cannon  
  131  16:35  Photon Cannon  
  129  16:43  High Templar x3  
  129  16:44  High Templar  
  137  16:47  Archon  
  137  16:48  Archon  
  137  16:50  Assimilator  
  137  16:58  Pylon, Assimilator  
  137  17:04  Shield Battery  
  137  17:05  Photon Cannon  
  137  17:06  Shield Battery  
  137  17:07  Photon Cannon  
  135  17:09  Pylon, Photon Cannon  
  135  17:11  Photon Cannon  
  135  17:14  Observer  
  99  17:15  Stalker  
  99  17:20  Probe x4  
  95  17:23  Observer  
  95  17:25  Disruptor x2 (Chrono Boost)  
  95  17:27  Pylon  
  101  17:32  Probe x2  
  103  17:42  Stalker x3  
  109  17:50  Observer  
  109  17:51  Observer  
  109  18:02  Photon Cannon x2  
  109  18:05  Stalker x3, Observer  
  115  18:31  Stalker x7  
  129  18:36  Stalker  
  131  18:57  Stalker x6  
  143  19:06  Stalker x2  
  142  19:22  Stalker x3  
  148  19:28  Observer (Chrono Boost)  
  150  19:35  Observer (Chrono Boost)  
  150  19:55  Nexus  
  150  19:57  Pylon  
  149  20:04  Stalker x6  
  152  20:19  Dark Templar x2  
  154  20:37  Dark Templar  
  154  20:38  Dark Templar x3  
  154  20:39  Zealot x2  
  162  20:47  Pylon  
  162  20:49  Shield Battery  
  155  21:13  Disruptor x2  
  157  21:23  Dark Templar x7  
  128  21:58  Stalker x3  
  128  21:59  Stalker x4  
  142  22:13  Stalker, Observer  
  141  22:28  Stalker x4  
  141  22:29  Stalker x3  
  153  22:36  Observer x2  
  145  22:59  Stalker x6  
  145  23:00  Assimilator  
  145  23:01  Assimilator, Probe x3  
  145  23:02  Probe  
  161  23:11  Stalker x2  
  165  23:16  Probe x2  
  165  23:17  Probe x2  
  168  23:23  Observer x2  
  160  23:39  Stalker x5  
  166  24:00  Stalker x3  
  162  24:03  Stalker x3  
  166  24:10  Stalker x2  
  150  24:36  Stalker x2  
  150  24:37  Stalker x5  
Show
View Real Time Build Order
Export as new Build Order

Nice Protoss - Winner!

Build Orders: Oracle Opening 

Get SALT Encoding   

  12  0:00  Probe  
  13  0:12  Probe  
  14  0:16  Pylon  
  14  0:24  Probe (Chrono Boost)  
  16  0:36  Gateway, Probe (Chrono Boost)  
  16  0:41  Probe (Chrono Boost)  
  16  0:44  Assimilator  
  16  0:49  Assimilator  
  17  0:54  Probe (Chrono Boost)  
  18  1:06  Gateway, Probe (Chrono Boost)  
  19  1:13  Probe (Chrono Boost)  
  20  1:20  Probe  
  20  1:24  Cybernetics Core  
  21  1:30  Pylon  
  21  1:33  Probe  
  22  1:46  Probe  
  23  2:01  Warp Gate, Adept x2  
  27  2:08  Pylon  
  27  2:12  Pylon  
  27  2:13  Probe  
  28  2:31  Stargate, Adept  
  28  2:36  Adept  
  32  2:43  Shield Battery  
  32  2:52  Probe  
  32  3:06  Probe  
  30  3:13  Oracle (Chrono Boost)  
  30  3:18  Probe  
  35  3:40  Oracle (Chrono Boost)  
  37  3:41  Nexus  
  37  3:45  Probe  
  32  4:06  Probe  
  32  4:08  Pylon  
  31  4:10  Phoenix (Chrono Boost)  
  31  4:15  Stalker  
  35  4:20  Stalker  
  37  4:31  Shield Battery  
  37  4:32  Probe  
  38  4:44  Probe  
  39  4:48  Twilight Council  
  39  4:51  Shield Battery  
  38  4:55  Probe  
  38  4:56  Probe  
  41  5:07  Probe (Chrono Boost)  
  41  5:11  Probe (Chrono Boost)  
  42  5:19  Probe (Chrono Boost)  
  42  5:20  Forge  
  44  5:21  Stalker  
  44  5:24  Probe (Chrono Boost)  
  44  5:27  Blink (Chrono Boost)  
  47  5:30  Stalker  
  47  5:33  Probe  
  49  5:37  Probe  
  50  5:45  Probe, Stalker  
  47  5:58  Probe x2  
  47  6:03  Stalker  
  51  6:08  Stalker  
  51  6:10  Protoss Ground Weapons Level 1 (Chrono Boost), Probe  
  54  6:15  Probe  
  55  6:22  Probe  
  56  6:32  Probe  
  57  6:36  Robotics Facility  
  57  6:37  Probe  
  57  6:39  Assimilator, Sentry x2  
  62  6:44  Probe  
  63  6:49  Probe  
  63  6:53  Gateway  
  64  6:55  Gateway  
  64  6:56  Probe  
  65  7:01  Pylon  
  65  7:11  Pylon  
  65  7:12  Pylon  
  65  7:19  Probe x2  
  65  7:20  Stalker  
  65  7:21  Stalker  
  69  7:25  Observer (Chrono Boost)  
  70  7:32  Pylon  
  70  7:38  Nexus  
  70  7:39  Pylon, Observer (Chrono Boost)  
  71  7:48  Stalker x3  
  77  7:54  Photon Cannon  
  77  8:01  Gateway  
  77  8:06  Gateway  
  77  8:10  Charge, Warp Prism (Chrono Boost)  
  79  8:17  Protoss Ground Weapons Level 2 (Chrono Boost)  
  80  8:25  Observer  
  80  8:26  Stalker  
  81  8:33  Stalker  
  83  8:36  Stalker  
  83  8:40  Probe x2  
  85  8:49  Pylon  
  85  8:53  Stalker x2  
  89  9:04  Photon Cannon  
  89  9:16  Stalker x3  
  89  9:17  Stalker  
  95  9:26  Stalker x2  
  95  9:28  Probe  
  100  9:35  Probe x2  
  99  9:40  Probe  
  99  9:43  Gateway  
  100  9:46  Gateway  
  100  9:49  Zealot  
  100  9:50  Probe  
  100  9:51  Probe  
  104  9:55  Assimilator  
  104  9:56  Assimilator  
  104  9:59  Templar Archives  
  104  10:02  Probe  
  104  10:03  Probe  
  106  10:08  Shield Battery  
  106  10:09  Pylon  
  106  10:23  Zealot x5  
  116  10:35  Pylon  
  116  10:37  Pylon  
  116  10:41  Zealot  
  116  10:42  Zealot x2  
  122  10:44  Pylon  
  122  10:52  High Templar x4  
  122  10:53  Zealot  
  122  10:56  Archon x2  
  132  10:58  Pylon  
  130  11:12  Photon Cannon  
  130  11:14  High Templar x2  
  134  11:19  Archon  
  130  11:39  Zealot x6  
  138  11:41  Protoss Ground Weapons Level 3 (Chrono Boost)  
  138  11:47  Zealot x2  
  138  11:48  Nexus  
  138  11:50  Pylon  
  142  12:00  Zealot x4  
  142  12:01  Zealot  
  145  12:20  Zealot x4  
  145  12:21  Zealot x2  
  151  12:30  Observer  
  133  12:44  Zealot x7  
  115  12:47  Observer  
  99  13:05  Stalker x5  
  105  13:06  Stalker  
  99  13:21  Stalker x2  
  99  13:25  Observer  
  99  13:26  Dark Shrine  
  101  13:33  Stalker x2  
  101  13:34  Stalker  
  87  13:53  Photon Cannon  
  87  13:54  Shield Battery  
  87  13:55  Probe x3  
  90  13:59  Stalker x4  
  99  14:06  Robotics Bay  
  99  14:08  Probe x2  
  99  14:09  Probe  
  101  14:12  Probe  
  102  14:17  Observer  
  102  14:21  Probe x3  
  102  14:23  Pylon, Observer  
  106  14:31  Stalker x2  
  109  14:34  Probe  
  109  14:35  Probe  
  109  14:36  Shadow Stride (Chrono Boost), Probe, Robotics Facility  
  109  14:46  Dark Templar x2  
  113  14:55  Disruptor (Chrono Boost)  
  112  15:04  Stalker x4  
  108  15:19  Stalker x4  
  106  15:26  Disruptor (Chrono Boost)  
  109  15:32  Stalker x4  
  115  15:43  Dark Templar x3  
  115  15:44  Dark Templar  
  115  15:48  Assimilator  
  115  15:49  Disruptor (Chrono Boost)  
  124  15:51  Assimilator  
  124  15:56  Assimilator  
  127  16:03  Disruptor (Chrono Boost)  
  119  16:10  Gravitic Boosters (Chrono Boost)  
  116  16:16  Stalker  
  116  16:17  Zealot x7  
  132  16:24  Observer  
  126  16:33  Protoss Ground Armor Level 1  
  126  16:37  Disruptor x2 (Chrono Boost)  
  130  16:43  Zealot x8  
  146  16:59  Photon Cannon  
  146  17:02  Observer  
  146  17:04  Disruptor x2 (Chrono Boost)  
  122  17:27  Dark Templar x3  
  122  17:28  Zealot x5  
  137  17:38  Nexus, Observer (Chrono Boost)  
  137  17:40  Pylon  
  137  17:41  Probe  
  139  17:46  Disruptor (Chrono Boost)  
  139  17:47  Probe  
  139  17:48  Probe  
  120  18:02  Probe x2  
  120  18:03  Probe x2  
  122  18:06  Zealot x3  
  122  18:10  Stargate, Observer  
  126  18:26  Observer x2  
  128  18:45  Fleet Beacon  
  128  18:47  Stargate  
  128  18:50  Stargate, Disruptor x2  
  134  18:57  Assimilator  
  134  18:58  Assimilator  
  134  18:59  Photon Cannon  
  134  19:01  Shield Battery  
  134  19:05  Pylon  
  133  19:26  Disruptor  
  133  19:29  Disruptor  
  145  19:42  Carrier (Chrono Boost)  
  145  19:43  Carrier (Chrono Boost)  
  148  19:54  Disruptor  
  149  20:15  Protoss Ground Armor Level 2  
  149  20:27  Zealot x6  
  149  20:28  Zealot x2  
  161  20:29  Photon Cannon  
  161  20:31  Shield Battery  
  161  20:32  Carrier (Chrono Boost)  
  161  20:33  Pylon  
  161  20:35  Photon Cannon  
  173  20:37  Shield Battery  
  173  20:39  Carrier (Chrono Boost)  
  173  20:43  Observer x2  
  161  21:01  Zealot x8  
  163  21:36  Carrier (Chrono Boost)  
  166  21:40  Carrier (Chrono Boost)  
  170  22:01  Immortal x2  
  165  22:12  Pylon  
  165  22:13  Observer  
  165  22:25  Carrier (Chrono Boost)  
  158  22:30  Carrier (Chrono Boost)  
  158  22:31  High Templar x4, Zealot x3, Nexus  
  158  22:32  Pylon  
  158  22:35  Archon x2  
  177  22:48  Nexus  
  177  22:58  Stalker x4  
  178  23:04  Nexus  
  178  23:08  Nexus  
  178  23:15  Disruptor x2  
  184  23:25  Photon Cannon  
  171  23:40  High Templar, Nexus  
  171  23:41  High Templar x3  
  176  23:45  Archon  
  176  23:48  Archon  
  176  23:57  Stalker x2  
  174  24:12  Stalker x2  
  178  24:19  Stalker x2  
  160  24:34  Zealot x4  
  160  24:35  Zealot  

Tags
 
Add a new tag
Caveats
  • Supply blocks, unpowered buildings, or Contaminate may cause inaccurate times.
  • Supply counts are checked every 10 seconds.